 Dungeon Crawl Stone Soup version 0.26.0-41-g79a4fc7684 (webtiles) character file.

Game seed: 4597742687536732393

88 Banto the Distorting Ant (level 4, 0/35 HPs)
             Began as a Formicid Abyssal Knight on Jan 26, 2021.
             Was a Believer of Lugonu.
             Slain by a gnoll
             ... wielding a +0 spear
              (6 damage)
             ... on level 2 of the Dungeon.
             The game lasted 00:02:21 (3101 turns).

Banto the Distorting Ant (Formicid Abyssal Knight)  Turns: 3101, Time: 00:02:22

Health: 0/35       AC:  3    Str: 16    XL:     4   Next: 81%
Magic:  7/7        EV: 11    Int: 13    God:    Lugonu [**....]
Gold:   108        SH:  0    Dex: 10    Spells: 3/3 levels left

rFire    . . .     SeeInvis +   a - +1 falchion
rCold    . . .     Faith    .   (no shield)
rNeg     . . .     Spirit   .   b - +0 leather armour
rPois    .         Reflect  .   (helmet unavailable)
rElec    .         Harm     .   (no cloak)
rCorr    .         Rampage  .   (no gloves)
Will     .....                  (no boots)
Stlth    +.........             (no amulet)
HPRegen  0.11/turn              (no ring)
MPRegen  0.10/turn              (no ring)

@: no status effects
A: permanent stasis, dig shafts and tunnels, four strong arms, antennae 3
a: Dig, Shaft Self, Renounce Religion, Depart the Abyss, Bend Space


You were on level 2 of the Dungeon.
You worshipped Lugonu.
Lugonu was pleased with you.
You visited 1 branch of the dungeon, and saw 3 of its levels.
You visited the Abyss 1 time.

You collected 108 gold pieces.

Inventory:

Hand Weapons
 a - a +1 falchion (weapon)
Armour
 b - a +0 leather armour (worn)
 k - a +0 tower shield
Potions
 d - a potion of resistance
 i - 2 potions of curing
 l - 2 potions of brilliance


   Skills:
 - Level 3.2 Fighting
 + Level 3.5 Long Blades
 - Level 2.1 Armour
 - Level 0.8 Dodging
 + Level 4.1 Invocations


You had 3 spell levels left.
You didn't know any spells.
Your spell library was empty.

Dungeon Overview and Level Annotations

Branches:
Dungeon (3/15)

Altars:
Gozag
Ru


Innate Abilities, Weirdness & Mutations

You cannot be hasted, slowed, berserked, paralysed or teleported.
You can dig through walls and to a lower floor.
Your four strong arms can wield two-handed weapons with a shield.
You have a pair of large antennae on your head. (SInv)


Message History

There is a stone staircase leading up here.
Things that are here:
2 scrolls of teleportation; a scroll of immolation The gnoll hits you from afar with a +1 spear of distortion.
The gnoll hits you with a +0 spear.
You climb upwards.
There is a stone staircase leading down here.
You hit the gnoll but do no damage. The gnoll closely misses you.
The gnoll hits you with a +0 spear.
You hit the gnoll but do no damage. The gnoll hits you with a +0 spear!
The gnoll hits you but does no damage.
You barely miss the gnoll. The gnoll closely misses you.
The gnoll barely misses you.
You barely miss the gnoll. The gnoll closely misses you.
You riposte.
You hit the gnoll but do no damage. The gnoll hits you with a +0 spear!
* * * LOW HITPOINT WARNING * * *
You extend your mandibles.
You dig through the rock wall.
The gnoll hits you from afar with a +0 spear.
You die...

......# ####..............##.####
......# ######................
.>....# #..........###...####.
#############...#.....####..####.
#####.....#####.##..#.#..........
..##..###.....#.##......##....###
...#.## #####.#g##.#...#...#.####
.....# #.g>##.##....###...##
.....# ######@...###.## ###.##
.....######...##.....##.# #..#
.....#......#.')..8.....### ##.#
.(..##.######<###...###...## #.#
.......# #.# #...# ###..####.#
.....### #.# #.<.# #....##.#
....## #.# #...# ##.#....# ....#
#.###...######.###..# #.###
#####.'...8.....##..##..#


You could see 2 gnolls.

Vanquished Creatures
  A gnoll (D:3)
  3 adders (D:3)
  A worm (D:2)
  2 dart slugs
  A leopard gecko (D:2)
  5 giant cockroaches
  2 hobgoblins (D:1)
  5 kobolds
  A quokka (D:2)
  2 ball pythons
  6 bats
  3 frilled lizards
  7 goblins
  5 rats
44 creatures vanquished.

Notes
Turn   | Place    | Note
-------+----------+-------------------------------------------
     0 | Abyss:1  | Banto the Formicid Abyssal Knight began the quest for the
                  | Orb.
     0 | Abyss:1  | Reached XP level 1. HP: 18/18 MP: 2/2
     2 | Abyss:1  | Found a corrupted altar of Lugonu.
    19 | D:1      | Escaped the Abyss
   270 | D:1      | Reached XP level 2. HP: 17/24 MP: 3/3
   622 | D:1      | Reached skill level 3 in Invocations
   993 | D:1      | Reached XP level 3. HP: 29/29 MP: 5/5
  1547 | D:2      | Reached ** piety under Lugonu
  1886 | D:3      | Found a sacrificial altar of Ru.
  1946 | D:3      | Reached XP level 4. HP: 23/35 MP: 6/6
  2132 | D:3      | Found an opulent altar of Gozag.
  2231 | D:3      | Reached skill level 4 in Invocations
  2302 | D:3      | HP: 1/35 [gnoll/+0 halberd (3)]
  2787 | D:3      | HP: 1/35 [gnoll/+0 spear (3)]
  3101 | D:2      | Slain by a gnoll

Illustrated notes

Levels and vault maps discovered:
D:1:      minmay_arrival_open_corners, layout_loops_corners, minmay_pentomino_p4
D:2:      layout_rooms, grunt_ministairs_15
D:3:      layout_loops_ring, grunt_temple_overflow_holy_war,
          lemuel_doored_altar, fedhas_ov_isle_minmay,
          nicolae_overflow_hidden_temple, hex_large, minmay_goblin_outpost

Skill      XL: |  1  2  3  4 |
---------------+-------------+-----
Invocations    | 3 4 |  4.1
Long Blades    | 3 |  3.5
Fighting       | |  3.2
Armour         | |  2.1
Dodging        | |  0.8

Action                   |  1- 3 |  4- 6 || total
-------------------------+-------+-------++-------
Melee: Falchion          |   106 |    26 ||   132
 Abil: Dig               |       |     1 ||     1
  Use: Scroll            |     4 |     5 ||     9
Armor: Leather armour    |    55 |     6 ||    61
Dodge: Dodged            |    83 |    18 ||   101
       Rpst.: Falchion   |    20 |     6 ||    26
